Cogmind - Beta 14 @@@ ROGUE MODE // 2024.08.19 @ 21:11:42 Player: CrossedViper Result: Destroyed by S-43 Plague with Heavy Machine Gun Performance ------------- Evolutions (9) 4500 Regions Visited (22) 4400 Robots Destroyed (319) 1595 Value Destroyed (15112) 15112 Prototype IDs (80) 1600 Alien Tech Used (6) 1200 Bonus (7577) 7577 TOTAL SCORE: 35984 Bonus ------- High Alert Combat Kills 4008 Follower Combat Kills 100 Entered DSFs 500 Aligned with FarCom 300 Acquired ECA 300 Met Warlord at Base 500 MAIN.C Attacked Warlord 500 Warlord Defense Kills 534 Used Core Reset Matrix 3000 Scanned by Researcher 500 Friendly Fire -2665 Cogmind --------- Core Integrity 0/1600 Matter 140/300 Energy 99/100 System Corruption 3% Temperature Cool (0) Movement Core (50) Location -1/Access Parts ------- > --- POWER (3) -------- (None) > --- PROPULSION (6) --- (None) > --- UTILITY (10) ----- Transport Network Coupler Experimental Target Analyzer Armor Integrity Analyzer > --- WEAPON (6) ------- (None) > --- INVENTORY (5) ---- Reinforced Antimatter Reactor Advanced Force Field Transdimensional Reconstructor Core Stripper Peak State ------------ > --- POWER ------------ Light Fission Core Improved Quantum Reactor > --- PROPULSION ------- Myomer Leg Myomer Leg Myomer Leg Centrium Leg High-density Centrium Leg High-density Centrium Leg > --- UTILITY ---------- Experimental Power Amplifier Huge Storage Unit Spectral Analyzer Long-range Terrain Scanner Improved Salvage Targeting Computer Multitargeting Array Armor Integrity Analyzer Advanced Transmission Jammer Improved Powered Armor Ghost Barrier > --- WEAPON ----------- Phase Gun Phase Gun Enhanced Quantum Rifle Sigix Broadsword > --- INVENTORY -------- Singularity Reactor Experimental Power Amplifier Experimental Cryofiber Web Experimental Coolant Injector Experimental Target Analyzer Improved Powered Armor Improved Powered Armor Dimensional Node Initializer Transdimensional Reconstructor Transdimensional Reconstructor High-powered Transdimensional Reconstructor Subatomic Replicator Plasma Rifle Phase Gun Vortex Rail Vortex Rail Heavy Quantum Rifle Vortex Catalyst Activator Sigix Terminator Core Stripper [Rating: 206] Favorites ----------- Power Cooled Ion Engine Engine Cooled Ion Engine Power Core Reinforced Fission Core Reactor Reinforced Antimatter Reactor Propulsion Light Treads Treads Light Treads Leg Myomer Leg Wheel Wheel Hover Unit Combat Antigrav System Utility Experimental Cooling System Device Experimental Cooling System Storage Huge Storage Unit Processor Armor Integrity Analyzer Hackware Ghost Barrier Protection Centrium Heavy Armor Plating Weapon Thermic Laser Energy Gun Thermic Laser Energy Cannon Enhanced Nova Cannon Ballistic Gun Heavy Assault Rifle Ballistic Cannon Linear Accelerator Launcher Grenade Launcher Slashing Weapon Sigix Broadsword Build | -11 -10 -10 -9 -9 -9 -8 -8 -7 -6 -6 -5 -5 -5 -4 -4 -4 -4 -3 -3 -3 -2 -1 ------- Run | Yrd Mat Min Mat Min Exi Min Mat Fac Fac DSF Fac Was Fac Fac Upp Upp War Pro Res Qua Res Acc Slots Evolved 18 | . . . 2 . . . 2 2 2 . 2 . . 2 . . . . 2 . 2 2 Power 2 | . . . . . . . . . . . . . . . . . . . 1 . . 1 Propulsion 4 | . . . 1 . . . . . . . . . . 1 . . . . . . 2 . Utility 8 | . . . . . . . 2 1 2 . 2 . . . . . . . 1 . . . Weapon 4 | . . . 1 . . . . 1 . . . . . 1 . . . . . . . 1 Parts Attached 386 | 6 16 2 17 6 20 2 37 12 5 18 7 3 1 1 2 . 14 8 28 70 34 77 Power 32 | 1 1 . 3 . 2 . 2 1 . . . . 1 . . . 1 . 1 7 . 12 Engine 9 | 1 1 . 3 . 2 . 1 . . . . . . . . . . . . 1 . . Core 3 | . . . . . . . 1 . . . . . 1 . . . . . . 1 . . Reactor 20 | . . . . . . . . 1 . . . . . . . . 1 . 1 5 . 12 Propulsion 62 | 2 2 1 3 4 3 . 8 . . . . 2 . 1 . . 1 . 2 9 10 14 Treads 28 | 2 2 1 3 1 3 . 7 . . . . 2 . 1 . . 1 . 2 1 1 1 Leg 30 | . . . . . . . 1 . . . . . . . . . . . . 8 9 12 Wheel 3 | . . . . 3 . . . . . . . . . . . . . . . . . . Hover 1 | . . . . . . . . . . . . . . . . . . . . . . 1 Flight . | . . . . . . . . . . . . . . . . . . . . . . . Utility 126 | 1 1 1 1 1 6 . 16 3 4 5 4 1 . . 1 . 5 1 15 22 12 26 Device 79 | . . . . . 2 . 11 3 2 5 3 . . . 1 . 4 . 9 11 10 18 Storage 6 | 1 1 . 1 1 1 . 1 . . . . . . . . . . . . . . . Processor 7 | . . . . . . . 1 . . . . 1 . . . . . . 2 1 1 1 Hackware 3 | . . . . . . . . . . . . . . . . . . . 3 . . . Protection 31 | . . 1 . . 3 . 3 . 2 . 1 . . . . . 1 1 1 10 1 7 Artifact . | . . . . . . . . . . . . . . . . . . . . . . . Weapon 166 | 2 12 . 10 1 9 2 11 8 1 13 3 . . . 1 . 7 7 10 32 12 25 Energy Gun 101 | 2 5 . 3 . . . 1 8 1 10 2 . . . 1 . 6 4 8 23 10 17 Energy Cannon 7 | . . . . . . . 1 . . 1 . . . . . . . . . . . 5 Ballistic Gun 34 | . 2 . 7 1 8 1 8 . . 1 . . . . . . . 1 . 5 . . Ballistic Cannon 3 | . . . . . . . . . . . . . . . . . . . . . . 3 Launcher 16 | . 5 . . . . 1 1 . . 1 1 . . . . . 1 2 2 . 2 . Special Weapon . | . . . . . . . . . . . . . . . . . . . . . . . Impact Weapon . | . . . . . . . . . . . . . . . . . . . . . . . Slashing Weapon 5 | . . . . . 1 . . . . . . . . . . . . . . 4 . . Piercing Weapon . | . . . . . . . . . . . . . . . . . . . . . . . Special Melee Weapon . | . . . . . . . . . . . . . . . . . . . . . . . Unidentified Prototypes 38 | . . . 4 . 4 . 10 1 . . . . . . . . 3 . 3 9 2 2 Corrupted Parts 2 | . . . 1 . . . . . . . . . . . . . . . . 1 . . System Corruption 7 | . . . 5 . . . . . . . . . . . . . . . . 2 . . Parts Lost 99 | . . 1 1 . . . 10 . 1 1 2 . . . . . . 1 9 18 4 51 Power 10 | . . . . . . . 1 . . . . . . . . . . . . 3 1 5 Propulsion 22 | . . 1 . . . . 2 . . . . . . . . . . . 2 4 1 12 Utility 30 | . . . . . . . 3 . . . 2 . . . . . . . 2 6 2 15 Weapon 37 | . . . 1 . . . 4 . 1 1 . . . . . . . 1 5 5 . 19 Highest Loss Streak 17 | . . 1 1 . . . 10 . 1 1 1 . . . . . . 1 5 9 3 17 To Critical Strikes 1 | . . . . . . . . . . . . . . . . . . . . . . 1 Average Slot Usage (%) 83 | . 84 95 95 100 79 88 83 84 80 79 74 84 88 78 84 84 82 83 72 87 93 76 Engine 3 | . 13 14 11 11 11 11 6 . . . . . . . . . . . . . . . Core 1 | . . . . . . . 1 . . . . . 4 5 5 5 4 . . 2 4 . Reactor 2 | . . . . . . . . 6 6 6 5 5 . . . . . 5 4 4 3 6 Treads 12 | . 28 28 30 30 24 33 20 . . . . 6 11 10 10 10 10 10 9 2 . . Leg 4 | . . . . . . . 1 6 6 6 5 1 . . . . . . . 13 24 14 Wheel 1 | . . . . 2 8 . . . . . . . . . . . . . . . . . Device 14 | . . . . . . . 8 18 20 20 24 29 29 26 26 26 27 26 23 17 17 16 Storage 6 | . 14 14 11 11 4 11 8 6 6 6 5 5 5 5 5 5 5 5 4 4 4 2 Processor 5 | . . . . . . . 2 6 6 6 2 4 5 5 5 5 5 5 5 12 12 13 Protection 5 | . . 9 11 11 7 . 6 2 6 6 5 5 5 5 5 5 2 4 4 4 3 2 Energy Gun 13 | . 20 . 3 . . . 1 33 26 23 22 23 23 21 26 26 25 24 14 11 14 15 Ballistic Gun 8 | . 4 14 25 33 23 30 24 . . 1 . . . . . . . 1 1 2 . . Peak Build Rating 206 | 6 10 10 19 18 32 22 88 115 124 117 131 132 124 129 136 136 151 155 175 193 206 200 Average Rating 101 | 4 7 8 15 17 20 21 38 108 117 111 121 126 123 128 135 136 127 150 152 169 192 159 On Entrance 91 | . 6 7 10 18 18 29 22 80 107 117 115 127 124 123 129 136 136 151 150 139 182 171 Naked Turns . | . . . . . . . . . . . . . . . . . . . . . . . Heaviest Build 196 | 10 29 29 38 98 92 58 117 139 150 144 161 151 151 148 152 152 155 165 179 172 160 196 Greatest Support 169 | 40 40 40 60 40 60 60 90 90 90 90 90 97 97 140 140 140 145 145 145 140 169 167 Greatest Overweight (x) 9 | . . . . 9 2 . 1 1 1 1 1 1 1 1 1 1 1 1 1 2 5 1 Average Overweight (x) . | . . . . . . . . 1 1 1 1 1 1 1 1 1 . . 1 . . . Largest Inventory Capacity 25 | 8 15 15 15 25 25 20 25 25 25 25 25 25 25 25 25 25 25 25 25 25 25 25 Average Capacity 20 | 6 11 15 15 16 12 20 20 25 25 25 25 25 25 25 25 25 25 25 25 25 25 17 Most Carried 25 | 5 10 15 15 18 25 20 24 25 25 25 25 25 25 25 25 25 25 25 25 25 25 18 Average Carried 18 | 3 8 11 14 15 10 20 19 20 23 24 23 24 24 24 24 25 24 24 21 24 22 10 Final Capacity 25 | 8 15 15 15 25 20 20 25 25 25 25 25 25 25 25 25 25 25 25 25 25 25 5 Final Carried 25 | 4 10 15 15 18 20 20 24 23 25 25 23 25 25 25 25 25 24 24 24 25 16 5 Class Distribution -------------------- 54% | Scavenger-Gunner 14% | Scavenger-Tank 14% | Mutant 7% | Scavenger-Executioner 3% | Tank Dominant Class ---------------- Mutant | -10/Materials Mutant | -10/Mines Scavenger-Tank | -9/Materials Scavenger-Tank | -9/Mines Scavenger-Gunner | -9/Exiles Scavenger-Gunner | -8/Mines Scavenger-Tank | -8/Materials Scavenger-Gunner | -7/Factory Scavenger-Gunner | -6/Factory Scavenger-Gunner | -6/DSF Scavenger-Gunner | -5/Factory Scavenger-Gunner | -5/Waste Scavenger-Gunner | -5/Factory Scavenger-Gunner | -4/Factory Scavenger-Gunner | -4/Upper Caves Scavenger-Gunner | -4/Upper Caves Scavenger-Gunner | -4/Warlord Scavenger-Gunner | -3/Proximity Caves Scavenger-Gunner | -3/Research Scavenger-Gunner | -3/Quarantine Scavenger-Gunner | -2/Research Scavenger-Executioner | -1/Access Resources | -11 -10 -10 -9 -9 -9 -8 -8 -7 -6 -6 -5 -5 -5 -4 -4 -4 -4 -3 -3 -3 -2 -1 ----------- Run | Yrd Mat Min Mat Min Exi Min Mat Fac Fac DSF Fac Was Fac Fac Upp Upp War Pro Res Qua Res Acc Matter Collected 6935 | 192 323 196 445 168 1011 69 966 110 . 367 102 49 . . 77 . 140 109 265 1131 105 1110 Remotely . | . . . . . . . . . . . . . . . . . . . . . . . Salvage Created 17315 | . 525 75 720 261 436 20 1027 178 . 478 668 1803 . . 745 104 308 904 1401 2768 1249 3645 Parts 688 | . 28 3 45 11 48 8 69 4 . 19 18 17 . . 14 7 6 25 48 164 37 117 Haulers Intercepted 11 | . 2 . 3 . . . . . . . . . . . . . . . 1 . 3 2 Recyclers Shooed 13 | . 2 . 1 1 . . 2 . . . . . . . . . . . 6 . . 1 Parts Field Recycled . | . . . . . . . . . . . . . . . . . . . . . . . Retrieved Matter . | . . . . . . . . . . . . . . . . . . . . . . . Parts Self-Destructed 40 | . . . . . . . . . . . . . . . 14 7 . 19 . . . . Prevented . | . . . . . . . . . . . . . . . . . . . . . . . Kills | -11 -10 -10 -9 -9 -9 -8 -8 -7 -6 -6 -5 -5 -5 -4 -4 -4 -4 -3 -3 -3 -2 -1 ------- Run | Yrd Mat Min Mat Min Exi Min Mat Fac Fac DSF Fac Was Fac Fac Upp Upp War Pro Res Qua Res Acc Combat Hostiles Destroyed 241 | . 16 2 9 . 4 4 15 3 . 9 16 6 . . 10 4 4 22 21 30 25 41 Melee 12 | . . . . . . . . . . . . . . . . . . . . 12 . . Guns 129 | . 3 . 9 . 4 1 12 3 . 6 7 1 . . 4 4 4 7 15 18 9 22 Cannons 11 | . . . . . . . . . . . . . . . . . . . . . . 11 AOE 63 | . 13 2 . . . 3 3 . . 1 4 . . . . . . 12 5 . 16 4 Classes Destroyed 31 | . 8 . 3 . 3 . . . . 2 2 1 . . 1 . . 2 . 3 5 1 Worker 15 | . 1 . 1 1 . . 2 . . . . . . . . . . . 1 3 . 6 Builder 13 | . 2 . 1 1 . . 3 . . . . . . . . . . . 1 1 . 4 Tunneler 2 | . 1 . . 1 . . . . . . . . . . . . . . . . . . Hauler 11 | . 2 . 3 . . . . . . . . . . . . . . . 1 . 3 2 Recycler 10 | . 1 . 1 2 . . 2 . . . . . . . . . . . 1 . 1 2 Carrier 1 | . . . . . . . . . . . . . . . . . . . . . 1 . Mechanic 2 | . . . . . . . . . . . . . . . . . . . . 1 . 1 Operator 2 | . . . 1 . . . . . . . 1 . . . . . . . . . . . Drone 2 | . . . . . . . . . . . . . . . . . . 2 . . . . Turret 1 | . . . . . 1 . . . . . . . . . . . . . . . . . Watcher 7 | . 1 . 1 . . . 1 . . . 1 . . . . . . . . 1 1 1 Swarmer 50 | . 3 . . . . 4 4 . . . 9 . . . 5 4 . 6 8 1 . 6 Grunt 97 | . 13 2 3 . . . 6 2 . 4 3 . . . . . 2 7 6 9 16 24 Brawler 7 | . . . . . . . . . . . . . . . 1 . 1 2 . 1 . 2 Duelist 8 | . . . 1 . . . . . . 1 . . . . 1 . 1 4 . . . . Researcher 8 | . . . . . . . . . . . . . . . . . . . . 8 . . Sentry 15 | . . . 5 . . . 4 1 . . . . . . 1 . . 1 1 . 2 . Specialist 3 | . . . . . . . . . . 3 . . . . . . . . . . . . Hunter 18 | . . . . . . . . . . . 2 . . . 2 . . . 4 5 1 4 Programmer 21 | . . . . . . . . . . . 2 . . . . . . . 2 13 . 4 Heavy 1 | . . . . . . . . . . 1 . . . . . . . . . . . . Q-Series 1 | . . . . . . . . . . . . . . . . . . . . . . 1 Behemoth 1 | . . . . . . . . . . . . . . . . . . 1 . . . . Compactor 6 | . . . . . . . . . . . . 6 . . . . . . . . . . Striker 1 | . . . . . . . . . . . . . . . . . . . . . 1 . Executioner 5 | . . . . . . . . . . . . . . . . . . . . . 5 . Alpha 7 1 | . . . . . . . . . . . . . . . . . . . . 1 . . Zionite 8 | . . . . . 8 . . . . . . . . . . . . . . . . . Packrat 3 | . . . . . . . . . . . . . . . 3 . . . . . . . Samaritan 1 | . . . . . . . . . . . . . . . . . . . . . 1 . Assembled 3 | . . . . . 3 . . . . . . . . . . . . . . . . . Thug 1 | . . . . 1 . . . . . . . . . . . . . . . . . . Borebot 1 | . . . . . . . . . . . . . . . . . . . . . 1 . Best Kill Streak 16 | . 5 2 3 4 5 4 5 2 . 6 5 3 . . 5 4 3 10 10 6 16 9 Combat Bots Only 15 | . 3 2 2 . 2 4 5 2 . 6 5 3 . . 5 4 3 10 9 3 15 6 Max Kills in Single Turn 15 | . 2 2 2 1 1 3 3 1 . 2 4 1 . . 2 3 1 4 4 3 15 3 Gunslinging 2 | . . . 1 . . . . . . 1 1 . . . 1 2 . . 1 1 1 1 Exploded 12 | . 2 2 . . . 3 3 . . 1 4 . . . . . . 4 4 . 12 1 Melee 1 | . . . . . . . . . . . . . . . . . . . . 1 . . Uniques/NPCs Destroyed 5 | . . . . . 4 . 1 . . . . . . . . . . . . . . . EX-BIN (-9/Exiles) 8R-AWN (-9/Exiles) EX-DEC (-9/Exiles) EX-HEX (-9/Exiles) 7R-MNS (-8/Materials) Combat | -11 -10 -10 -9 -9 -9 -8 -8 -7 -6 -6 -5 -5 -5 -4 -4 -4 -4 -3 -3 -3 -2 -1 -------- Run | Yrd Mat Min Mat Min Exi Min Mat Fac Fac DSF Fac Was Fac Fac Upp Upp War Pro Res Qua Res Acc Hostile Shots Fired 1832 | . 41 3 33 6 48 5 101 20 . 43 85 . . . 37 9 43 45 238 417 50 608 Missed 470 | . 15 1 5 3 16 2 15 6 . 9 22 . . . 11 3 13 10 50 96 14 179 Damage Taken 30650 | . 435 40 510 47 443 22 1887 129 247 673 987 . . . 408 93 710 890 3511 6223 2059 11336 Core 3030 | . 52 12 74 . 19 . 181 11 60 . 83 . . . 14 . 202 22 149 314 374 1463 Absorbed by Shields 270 | . . . . . . . . . . . . . . . . . . . 174 . . 96 Reduced by Siege Mode 204 | . . . . . . . . . . . . . . . 19 . . 10 142 33 . . Redirected to Shielding 46 | . . 2 17 . . . . 27 . . . . . . . . . . . . . . Ignored by Resistances 500 | . . . . . . . . . . . . . . . . . . . 396 104 . . Regen/Repaired (Parts) 2013 | . . . 108 . . . . 433 . . . . . . . . 12 . . 1330 130 . Core Remaining (%) 80 | 100 . 74 . . . 76 67 98 . 92 . . 91 . . . . 79 . 58 74 . Volleys Fired 711 | . 39 2 37 12 99 2 48 7 . 35 32 22 . . 16 2 12 24 61 98 31 132 Largest 6 | . 2 1 3 3 3 2 3 6 . 4 4 4 . . 5 5 5 5 5 5 5 6 Hottest 494 | . 130 30 108 69 76 46 134 494 . 335 320 320 . . 405 405 451 451 375 401 404 449 Shots Fired 2021 | . 52 2 104 37 181 3 139 36 . 75 119 87 . . 80 10 36 99 175 262 93 431 Gun 1859 | . 26 . 104 37 181 2 138 36 . 70 118 87 . . 80 10 35 95 173 262 88 317 Cannon 115 | . . . . . . . . . . 1 . . . . . . . . . . . 114 Launcher 47 | . 26 2 . . . 1 1 . . 4 1 . . . . . 1 4 2 . 5 . Special . | . . . . . . . . . . . . . . . . . . . . . . . Kinetic 566 | . 1 . 91 37 181 2 134 . . 16 . . . . . . . 1 15 41 . 47 Thermal 1360 | . 25 . 13 . . . 4 36 . 55 118 87 . . 80 10 35 92 144 209 89 363 Explosive 38 | . 26 2 . . . 1 1 . . 4 1 . . . . . . 2 1 . . . Electromagnetic 6 | . . . . . . . . . . . . . . . . . . . . 3 . 3 Entropic 51 | . . . . . . . . . . . . . . . . . 1 4 15 9 4 18 Robot Hit Streak 34 | . 7 . 21 14 19 1 16 20 . 16 10 13 . . 18 4 9 26 33 34 13 14 Robot Miss Streak 8 | . 2 . 5 2 8 . 2 . . 2 3 2 . . 3 1 3 7 3 3 2 6 Penetration Max 2 | . . . . . . . 2 . . . . . . . . . . . 1 2 . 1 Secondary Targets 41 | . . . 2 . . . 1 . . 3 3 . . . 5 2 2 1 7 5 2 8 Max Gunslinging Chain 2 | . . . 1 . . . 1 . . 1 2 . . . 2 2 1 1 1 1 1 2 Shots Hit Robots 1332 | . 32 . 63 26 105 1 102 17 . 42 62 66 . . 52 4 23 55 141 219 70 252 Core Hits 639 | . 47 4 28 10 41 4 46 6 . 18 26 13 . . 21 4 9 37 62 99 51 113 Critical Kills 9 | . . . . . 1 . 2 . . . . . . . . . . 1 2 1 . 2 Critical Parts Destroyed 20 | . . . . . 6 . 2 . . . . . . . . . . . 4 1 . 7 Critical Strikes 101 | . 1 . 1 . 17 . 10 1 . 3 8 6 . . 5 . . 1 8 8 2 30 Burn 47 | . 1 . 1 . . . . 1 . 3 8 6 . . 5 . . . 2 5 2 13 Meltdown 2 | . . . . . . . . . . . . . . . . . . . . . . 2 Destroy 30 | . . . . . 14 . 10 . . . . . . . . . . 1 4 1 . . Blast 6 | . . . . . . . . . . . . . . . . . . . . . . 6 Corrupt 2 | . . . . . . . . . . . . . . . . . . . . . . 2 Sever 4 | . . . . . 3 . . . . . . . . . . . . . . 1 . . Detonate 10 | . . . . . . . . . . . . . . . . . . . 2 1 . 7 Melee Attacks 53 | . . . . . 12 . . . . . . . . . . . . . . 40 1 . Impact . | . . . . . . . . . . . . . . . . . . . . . . . Slashing 53 | . . . . . 12 . . . . . . . . . . . . . . 40 1 . Piercing . | . . . . . . . . . . . . . . . . . . . . . . . Sneak Attacks 7 | . . . . . . . . . . . . . . . . . . . . 6 1 . Combat Hostiles 1 | . . . . . . . . . . . . . . . . . . . . 1 . . Follow-up Attacks . | . . . . . . . . . . . . . . . . . . . . . . . Damage Inflicted 58451 | . 1613 129 975 449 1823 178 1744 405 . 1200 1603 1385 . . 1056 81 740 4300 4278 8930 17740 9822 Guns 28757 | . 289 . 965 445 1371 14 1525 405 . 865 1352 1385 . . 1056 81 721 1499 3716 5567 1669 5832 Cannons 2988 | . . . . . . . . . . 29 . . . . . . . . . . . 2959 Explosions 22971 | . 1320 125 . . . 164 219 . . 306 251 . . . . . . 2801 562 427 15870 926 Melee 3550 | . . . . . 452 . . . . . . . . . . . . . . 2900 198 . Ramming 185 | . 4 4 10 4 . . . . . . . . . . . . 19 . . 36 3 105 Kinetic 6678 | . . . 839 445 1371 14 1450 . . . . . . . . . . 18 233 1179 . 1129 Thermal 39088 | . 289 . 126 . . . 75 405 . 894 1352 1385 . . 1056 81 721 1448 3498 4499 15394 7865 Explosive 3105 | . 1320 125 . . . 164 219 . . 306 251 . . . . . . 436 284 . . . Electromagnetic 122 | . . . . . . . . . . . . . . . . . . . . 62 . 60 Impact . | . . . . . . . . . . . . . . . . . . . . . . . Slashing 3550 | . . . . . 452 . . . . . . . . . . . . . . 2900 198 . Piercing . | . . . . . . . . . . . . . . . . . . . . . . . Entropic 5723 | . . . . . . . . . . . . . . . . . . 2398 263 254 2145 663 Highest Corruption 27 | . . . 6 6 6 6 . . 1 2 . 27 27 . . . . . 17 20 . 3 Average Corruption 8 | . . . 5 6 6 6 . . 1 1 . 16 27 . . . . . 15 12 . 2 Corruption Purged . | . . . . . . . . . . . . . . . . . . . . . . . Corruption Blocked . | . . . . . . . . . . . . . . . . . . . . . . . Effects 252 | . . . 16 18 59 5 . . 3 6 . 13 13 . . . . . 24 79 . 16 Message Errors 64 | . . . 4 6 15 1 . . . 2 . 3 6 . . . . . 11 13 . 3 Matter Fused 58 | . . . 1 . 15 2 . . 2 2 . 4 3 . . . . . 4 19 . 6 Heat Flow Errors 27 | . . . 4 4 10 . . . . . . . 2 . . . . . 2 3 . 2 Energy Discharges 23 | . . . 2 2 6 . . . . 1 . 1 . . . . . . 2 7 . 2 Parts Rejected 5 | . . . . . . . . . . . . . . . . . . . 1 4 . . Parts Fused 4 | . . . . . . . . . . . . 1 . . . . . . . 2 . 1 Data Loss (minor) 26 | . . . 2 3 6 1 . . . . . . . . . . . . 1 11 . 2 Data Loss (major) 14 | . . . 1 . 4 1 . . 1 . . . 2 . . . . . 1 4 . . Misfires 11 | . . . . 2 2 . . . . . . 1 . . . . . . . 6 . . Alerts 5 | . . . 1 . . . . . . . . 1 . . . . . . 1 2 . . Misdirections 5 | . . . . . . . . . . . . . . . . . . . . 5 . . Weapon Failures 10 | . . . 1 1 1 . . . . 1 . 2 . . . . . . 1 3 . . Overload Shots 3 | . . . . . . . . . . . . . . . . . . . . 3 . . Overflow Damage 2440 | . . . . . . . 4 . . . . . . . . . . 102 37 466 1651 180 Projectiles 72 | . . . . . . . . . . . . . . . . . . . . . . 72 Explosions 1746 | . . . . . . . 4 . . . . . . . . . . 102 37 7 1513 83 Melee 622 | . . . . . . . . . . . . . . . . . . . . 459 138 25 Knockbacks 16 | . . . . . . . . . . . . . . . . . . . . 1 . 15 Impact 1 | . . . . . . . . . . . . . . . . . . . . 1 . . Kinetic 14 | . . . . . . . . . . . . . . . . . . . . . . 14 Secondary 1 | . . . . . . . . . . . . . . . . . . . . . . 1 Self-Inflicted Damage 1361 | . 133 . . . . . . . . 69 . . . . . . . . 111 56 950 42 Shots 12 | . 6 . . . . . . . . 2 . . . . . . . . 1 1 1 1 Rammed 9 | . 1 1 3 2 . . . . . . . . . . . . 2 . . . . . Targets Rammed 18 | . 1 1 3 2 . . . . . . . . . . . . 2 . . 1 1 7 Kicked 9 | . . . . . . . . . . . . . . . . . . . . 1 1 7 Crushed . | . . . . . . . . . . . . . . . . . . . . . . . Highest Temperature 498 | . 282 4 303 241 253 . 320 239 . 398 176 129 . . 346 . . 260 382 409 399 498 Average Temperature 119 | . 63 4 71 102 96 . 91 101 . 91 70 52 . . 143 . . 130 120 98 99 170 Received Heat Transfer 3373 | . 150 18 114 9 . . 765 54 . 198 63 . . . . . 24 127 303 483 99 966 Effects 9 | . . . 1 . . . . . . . . . . . . . . . . . . 8 Shutdowns 5 | . . . . . . . . . . . . . . . . . . . . . . 5 Energy Bleed 1 | . . . 1 . . . . . . . . . . . . . . . . . . . Matter Decay 1 | . . . . . . . . . . . . . . . . . . . . . . 1 Damage (major) 2 | . . . . . . . . . . . . . . . . . . . . . . 2 Siege Activations 10 | . . . . . . . . . . . . . . . 2 . . 2 5 1 . . Total Turns 169 | . . . . . . . . . . . . . . . 29 . . 17 92 31 . . Longest Duration 31 | . . . . . . . . . . . . . . . 18 . . 14 28 31 . . Robots Corrupted 1 | . . . . . . . . . . . . . . . . . . . . . . 1 Combat Hostiles . | . . . . . . . . . . . . . . . . . . . . . . . Parts Fried 3 | . . . . . . . . . . . . . . . . . . . . . . 3 Impact Corruptions 2 | . . . . . . . . . . . . . . . . . . . . 1 . 1 Robots Melted 26 | . . . . . . . . . . 2 5 5 . . 6 . . 3 1 . . 4 Combat Hostiles 26 | . . . . . . . . . . 2 5 5 . . 6 . . 3 1 . . 4 Parts Melted 144 | . 2 . 2 . . . . 1 . 6 24 15 . . 13 . 4 7 20 5 9 36 Heat Transferred 42902 | . 719 . 370 . . . 111 703 . 2170 4100 4050 . . 3200 200 1022 2024 5010 6061 3015 10147 Parts Sabotaged . | . . . . . . . . . . . . . . . . . . . . . . . Parts Stolen . | . . . . . . . . . . . . . . . . . . . . . . . Parts Stripped . | . . . . . . . . . . . . . . . . . . . . . . . Power Chain Reactions . | . . . . . . . . . . . . . . . . . . . . . . . Alert | -11 -10 -10 -9 -9 -9 -8 -8 -7 -6 -6 -5 -5 -5 -4 -4 -4 -4 -3 -3 -3 -2 -1 ------- Run | Yrd Mat Min Mat Min Exi Min Mat Fac Fac DSF Fac Was Fac Fac Upp Upp War Pro Res Qua Res Acc Peak Influence 1983 | . 453 231 262 105 . 98 348 146 23 281 410 143 86 42 . . . . 640 674 1900 1983 Initial 1140 | . . 176 11 85 . . 37 37 6 16 147 143 86 42 . . . . 448 261 378 1140 Average 457 | . 188 129 112 73 . 96 152 74 12 168 276 131 86 22 . . . . 482 415 728 1592 Maximum Alert Level 5 | . 2 1 1 . . . 1 . . 1 2 . . . . . . . 2 2 5 5 Low Security (%) 41 | 100 40 85 88 100 . 100 71 100 100 44 32 100 100 100 . . . . . 2 . . Level 1 23 | . 55 14 11 . . . 28 . . 55 47 . . . . . . . 9 50 37 . Level 2 18 | . 3 . . . . . . . . . 20 . . . . . . . 90 47 40 . Level 3 . | . . . . . . . . . . . . . . . . . . . . . 1 . Level 4 7 | . . . . . . . . . . . . . . . . . . . . . . 48 Level 5 8 | . . . . . . . . . . . . . . . . . . . . . 20 51 High Security . | . . . . . . . . . . . . . . . . . . . . . . . Max Security . | . . . . . . . . . . . . . . . . . . . . . . . Sterilizations 1 | . . . . . . . . . . 1 . . . . . . . . . . . . Squads Dispatched 48 | . 4 . 3 . . . 3 2 . 2 4 . 1 . . . . 1 4 11 2 11 Investigation 6 | . 2 . 2 . . . . . . . 1 . . . . . . . . . 1 . Extermination 14 | . . . . . . . . 1 . . 1 . 1 . . . . . 2 6 . 3 Reinforcement 17 | . 2 . 1 . . . 3 1 . 2 . . . . . . . . 1 5 1 1 Assault 11 | . . . . . . . . . . . 2 . . . . . . 1 1 . . 7 Garrison . | . . . . . . . . . . . . . . . . . . . . . . . Intercept . | . . . . . . . . . . . . . . . . . . . . . . . Searches Triggered 1 | . . . . . . . . . . . . . . . . . . . 1 . . . Construction Impeded 2 | . . . . . . . 1 . . . . . . . . . . . . 1 . . Haulers Reinforced 3 | . . . . . . . . . . . . . . . . . . . 1 . 1 1 Active Scanning Responses . | . . . . . . . . . . . . . . . . . . . . . . . Cargo Convoy Interrupts . | . . . . . . . . . . . . . . . . . . . . . . . Stealth | -11 -10 -10 -9 -9 -9 -8 -8 -7 -6 -6 -5 -5 -5 -4 -4 -4 -4 -3 -3 -3 -2 -1 --------- Run | Yrd Mat Min Mat Min Exi Min Mat Fac Fac DSF Fac Was Fac Fac Upp Upp War Pro Res Qua Res Acc Distress Signals 20 | . 3 . 3 . . . 1 . . . . . . . . . 1 . . 4 6 2 Communications Jammed 98 | . . . . . . . . . . . . . . . . . . . 22 25 8 43 Distress Signals 97 | . . . . . . . . . . . . . . . . . . . 22 25 8 42 Times Spotted 394 | . 23 2 18 2 21 4 20 5 . 10 21 6 . . 10 4 31 20 22 52 33 90 Peak Tracking Total 17 | . 4 2 3 2 9 4 5 2 . 4 6 2 1 . 5 4 14 11 5 5 11 17 Tactical Retreats 19 | . . . . . 7 . . . . 2 2 . . . . . . 1 . 4 . 3 Traps | -11 -10 -10 -9 -9 -9 -8 -8 -7 -6 -6 -5 -5 -5 -4 -4 -4 -4 -3 -3 -3 -2 -1 ------- Run | Yrd Mat Min Mat Min Exi Min Mat Fac Fac DSF Fac Was Fac Fac Upp Upp War Pro Res Qua Res Acc Traps Triggered 15 | . 3 . 1 . . . 1 1 1 3 1 . . . . . . . . 2 . 2 Indirectly . | . . . . . . . . . . . . . . . . . . . . . . . Trap Hack Attempts . | . . . . . . . . . . . . . . . . . . . . . . . Triggered . | . . . . . . . . . . . . . . . . . . . . . . . Disarmed . | . . . . . . . . . . . . . . . . . . . . . . . Reprogrammed . | . . . . . . . . . . . . . . . . . . . . . . . Reused . | . . . . . . . . . . . . . . . . . . . . . . . Traps Extracted . | . . . . . . . . . . . . . . . . . . . . . . . Installed . | . . . . . . . . . . . . . . . . . . . . . . . Triggered 15 | . . . . . . . . . . . . . . . . . 15 . . . . . Machines | -11 -10 -10 -9 -9 -9 -8 -8 -7 -6 -6 -5 -5 -5 -4 -4 -4 -4 -3 -3 -3 -2 -1 ---------- Run | Yrd Mat Min Mat Min Exi Min Mat Fac Fac DSF Fac Was Fac Fac Upp Upp War Pro Res Qua Res Acc Machines Disabled 42 | . 2 . . . 14 . 1 . . 1 . . . . . . . 2 5 7 6 4 Max in Single Turn 5 | . 1 . . . 2 . 1 . . 1 . . . . . . . 1 3 1 5 1 Garrison Access 4 | . . . . . . . . . . . . . . . . . . . . . 2 2 Energy Cycler 1 | . . . . . . . . . . . . . . . . . . . . . . 1 Machines Repaired . | . . . . . . . . . . . . . . . . . . . . . . . Machines Dismantled . | . . . . . . . . . . . . . . . . . . . . . . . Machines Sabotaged . | . . . . . . . . . . . . . . . . . . . . . . . Overloaded Fab Kills . | . . . . . . . . . . . . . . . . . . . . . . . Hacking | -11 -10 -10 -9 -9 -9 -8 -8 -7 -6 -6 -5 -5 -5 -4 -4 -4 -4 -3 -3 -3 -2 -1 --------- Run | Yrd Mat Min Mat Min Exi Min Mat Fac Fac DSF Fac Was Fac Fac Upp Upp War Pro Res Qua Res Acc Machines Accessed 38 | . 4 1 5 . 2 . 1 5 5 . 3 . 1 1 1 . 1 . 3 2 1 2 Terminals 22 | . 2 . 2 . . . 1 4 4 . 2 . . 1 . . . . 1 2 1 2 Fabricators 1 | . . . . . . . . . . . . . . . . . . . 1 . . . Repair Stations 4 | . . . 1 . . . . 1 . . . . 1 . . . . . 1 . . . Recycling Units 3 | . 2 . 1 . . . . . . . . . . . . . . . . . . . Scanalyzers 2 | . . . 1 . . . . . . . 1 . . . . . . . . . . . Garrison Access 1 | . . . . . . . . . 1 . . . . . . . . . . . . . Total Hacks 89 | . 7 1 14 . 2 . 2 10 12 . 12 . 2 1 1 . 1 . 13 5 4 2 Successful 43 | . 3 1 11 . 2 . . 4 6 . 5 . 1 1 1 . 1 . 4 2 1 . Failed 45 | . 3 . 3 . . . 2 6 6 . 7 . 1 . . . . . 9 3 3 2 Catastrophic 8 | . . . . . . . 1 2 2 . . . . . . . . . 1 . 1 1 Database Lockouts 1 | . 1 . . . . . . . . . . . . . . . . . . . . . Manual 30 | . 6 . 6 . 1 . . 3 4 . 5 . . . . . 1 . 4 . . . Terminals 55 | . 5 . 5 . . . 2 5 10 . 8 . . 1 . . . . 8 5 4 2 Fabricators 3 | . . . . . . . . . . . . . . . . . . . 3 . . . Repair Stations 11 | . . . 2 . . . . 5 . . . . 2 . . . . . 2 . . . Recycling Units 3 | . 2 . 1 . . . . . . . . . . . . . . . . . . . Scanalyzers 10 | . . . 6 . . . . . . . 4 . . . . . . . . . . . Garrison Access 2 | . . . . . . . . . 2 . . . . . . . . . . . . . Terminal Hacks 21 | . 1 1 2 . 2 . . 1 5 . 1 . . 1 1 . 1 . 2 2 1 . Record 1 | . . . . . 1 . . . . . . . . . . . . . . . . . Robot Analysis 3 | . 1 . 2 . . . . . . . . . . . . . . . . . . . Open Door 4 | . . 1 . . . . . . . . . . . . 1 . 1 . . 1 . . Open DSF 1 | . . . . . . . . . 1 . . . . . . . . . . . . . Branch Access Points 2 | . . . . . . . . . 1 . . . . . . . . . 1 . . . Terminal Index 2 | . . . . . . . . . 1 . 1 . . . . . . . . . . . Alert Level 1 | . . . . . . . . . . . . . . . . . . . . . 1 . Unreport Threat 2 | . . . . . . . . . . . . . . 1 . . . . 1 . . . Zone Layout 4 | . . . . . . . . 1 2 . . . . . . . . . . 1 . . Derelict Proto ID Bank 1 | . . . . . 1 . . . . . . . . . . . . . . . . . Fabricator Hacks 2 | . . . . . . . . . . . . . . . . . . . 2 . . . Load Schematic 1 | . . . . . . . . . . . . . . . . . . . 1 . . . Build 1 | . . . . . . . . . . . . . . . . . . . 1 . . . Repair Station Hacks 6 | . . . 2 . . . . 3 . . . . 1 . . . . . . . . . Scan Component 4 | . . . 1 . . . . 2 . . . . 1 . . . . . . . . . Repair 2 | . . . 1 . . . . 1 . . . . . . . . . . . . . . Recycling Unit Hacks . | . . . . . . . . . . . . . . . . . . . . . . . Scanalyzer 9 | . . . 6 . . . . . . . 3 . . . . . . . . . . . Insert Component 4 | . . . 3 . . . . . . . 1 . . . . . . . . . . . Analyze 5 | . . . 3 . . . . . . . 2 . . . . . . . . . . . Garrison Access Hacks . | . . . . . . . . . . . . . . . . . . . . . . . Unauthorized Hacks 5 | . 2 . 1 . . . . . 1 . 1 . . . . . . . . . . . Terminals 2 | . . . . . . . . . 1 . 1 . . . . . . . . . . . Botnet 2 | . . . . . . . . . 1 . 1 . . . . . . . . . . . Fabricators . | . . . . . . . . . . . . . . . . . . . . . . . Repair Stations . | . . . . . . . . . . . . . . . . . . . . . . . Recycling Units 3 | . 2 . 1 . . . . . . . . . . . . . . . . . . . Tunnel 3 | . 2 . 1 . . . . . . . . . . . . . . . . . . . Scanalyzers . | . . . . . . . . . . . . . . . . . . . . . . . Garrison Access . | . . . . . . . . . . . . . . . . . . . . . . . Data Cores Recovered 1 | . . . . . . . . . . . 1 . . . . . . . . . . . Used . | . . . . . . . . . . . . . . . . . . . . . . . Hacking Detections 28 | . 2 . 3 . . . 1 5 5 . 3 . 1 1 . . . . 3 1 1 2 Full Trace Events 4 | . 1 . 1 . . . . . . . 1 . . . . . . . . . 1 . Feedback Events . | . . . . . . . . . . . . . . . . . . . . . . . Feedback Blocked . | . . . . . . . . . . . . . . . . . . . . . . . Robot Schematics Acquired 3 | . . . . . . . . . . . . . . . . . . . . 3 . . Robots Built . | . . . . . . . . . . . . . . . . . . . . . . . Authchips . | . . . . . . . . . . . . . . . . . . . . . . . Time . | . . . . . . . . . . . . . . . . . . . . . . . Total Robot Build Rating . | . . . . . . . . . . . . . . . . . . . . . . . Part Schematics Acquired 20 | . . . 3 . . . . . . . 1 . . . . . . . . 16 . . Parts Built 1 | . . . . . . . . . . . . . . . . . . . 1 . . . Authchips 1 | . . . . . . . . . . . . . . . . . . . 1 . . . Time 102 | . . . . . . . . . . . . . . . . . . . 102 . . . Total Part Build Rating 8 | . . . . . . . . . . . . . . . . . . . 8 . . . Parts Repaired 2 | . . . 1 . . . . 1 . . . . . . . . . . . . . . Time 134 | . . . 26 . . . . 108 . . . . . . . . . . . . . . Parts Recycled . | . . . . . . . . . . . . . . . . . . . . . . . Recycled Matter . | . . . . . . . . . . . . . . . . . . . . . . . Retrieved Matter . | . . . . . . . . . . . . . . . . . . . . . . . Retrieved Components . | . . . . . . . . . . . . . . . . . . . . . . . Parts Scanalyzed 4 | . . . 3 . . . . . . . 1 . . . . . . . . . . . Part Schematics Acquired 4 | . . . 3 . . . . . . . 1 . . . . . . . . . . . Parts Damaged . | . . . . . . . . . . . . . . . . . . . . . . . Bothacking | -11 -10 -10 -9 -9 -9 -8 -8 -7 -6 -6 -5 -5 -5 -4 -4 -4 -4 -3 -3 -3 -2 -1 ------------ Run | Yrd Mat Min Mat Min Exi Min Mat Fac Fac DSF Fac Was Fac Fac Upp Upp War Pro Res Qua Res Acc Used RIF Installer . | . . . . . . . . . . . . . . . . . . . . . . . Robots Hacked . | . . . . . . . . . . . . . . . . . . . . . . . Non-combat . | . . . . . . . . . . . . . . . . . . . . . . . Combat . | . . . . . . . . . . . . . . . . . . . . . . . Robot Hacks Applied . | . . . . . . . . . . . . . . . . . . . . . . . Relay Couplers Released 11 | . . . . . . . . . . . . . . . . . . . . 3 2 6 Machine Destruction 8 | . . . . . . . . . . . . . . . . . . . . . 2 6 Programmers 3 | . . . . . . . . . . . . . . . . . . . . 3 . . Fabnet Peak Effective % . | . . . . . . . . . . . . . . . . . . . . . . . Robots Rewired 1 | . . . . . . . . . . . . . . . . . . 1 . . . . Allies Hacked . | . . . . . . . . . . . . . . . . . . . . . . . Hacks Repelled . | . . . . . . . . . . . . . . . . . . . . . . . Allies | -11 -10 -10 -9 -9 -9 -8 -8 -7 -6 -6 -5 -5 -5 -4 -4 -4 -4 -3 -3 -3 -2 -1 -------- Run | Yrd Mat Min Mat Min Exi Min Mat Fac Fac DSF Fac Was Fac Fac Upp Upp War Pro Res Qua Res Acc Total Allies 28 | . . 3 . 1 . . . . . . . 1 . . . . . 1 . . . 22 Largest Group 11 | . . 3 3 1 . . . . . . . 1 . . . . . 1 . . . 11 Highest-Rated Group 149 | . . 40 40 31 . . . . . . . 31 . . . . . 47 . . . 149 Highest-Rated Ally 47 | . . 16 16 31 . . . . . . . 31 . . . . . 47 . . . 15 Total Orders 3 | . . 2 1 . . . . . . . . . . . . . . . . . . . STAY 2 | . . 1 1 . . . . . . . . . . . . . . . . . . . FOLLOW 1 | . . 1 . . . . . . . . . . . . . . . . . . . . Ally Attacks 71 | . . 3 24 . . . . . . . . 12 . . . . . . . . . 32 Total Damage 960 | . . 13 285 . . . . . . . . 188 . . . . . . . . . 474 Kills 4 | . . . 4 . . . . . . . . . . . . . . . . . . . Allies Corrupted . | . . . . . . . . . . . . . . . . . . . . . . . Allies Melted 2 | . . . . . . . . . . . . . . . . . 1 . . . 1 . Intel | -11 -10 -10 -9 -9 -9 -8 -8 -7 -6 -6 -5 -5 -5 -4 -4 -4 -4 -3 -3 -3 -2 -1 ------- Run | Yrd Mat Min Mat Min Exi Min Mat Fac Fac DSF Fac Was Fac Fac Upp Upp War Pro Res Qua Res Acc Robot Analysis Total 3 | . 1 . 2 . . . . . . . . . . . . . . . . . . . Derelict Logs Recovered 3 | . . 1 . . . . . . . . . . . . 1 1 . . . . . . Drone Launches . | . . . . . . . . . . . . . . . . . . . . . . . Drone Recoveries . | . . . . . . . . . . . . . . . . . . . . . . . Exploration | -11 -10 -10 -9 -9 -9 -8 -8 -7 -6 -6 -5 -5 -5 -4 -4 -4 -4 -3 -3 -3 -2 -1 ------------- Run | Yrd Mat Min Mat Min Exi Min Mat Fac Fac DSF Fac Was Fac Fac Upp Upp War Pro Res Qua Res Acc Turns Passed 18188 | 95 754 638 1124 539 2196 162 1036 506 334 388 682 294 277 40 652 607 1206 834 920 2289 785 1830 Spaces Moved 8671 | 70 390 391 578 297 1246 97 395 242 216 169 379 113 112 16 239 248 703 298 275 852 508 837 Core 147 | 29 . . . . . . . . . . . . . . . . . . . . . 118 Treads 4977 | 41 390 391 578 269 762 97 281 . . . . 61 112 16 239 248 703 298 275 216 . . Legs 3035 | . . . . . . . 114 242 216 169 379 52 . . . . . . . 636 508 719 Wheels 512 | . . . . 28 484 . . . . . . . . . . . . . . . . . Hover . | . . . . . . . . . . . . . . . . . . . . . . . Flight . | . . . . . . . . . . . . . . . . . . . . . . . Fastest Speed 50 | 50 160 160 160 116 86 160 90 150 150 150 150 150 245 240 240 240 160 160 240 120 120 50 Average Speed 169 | 114 160 160 160 159 142 160 197 150 150 150 150 201 245 240 240 240 162 248 246 199 120 141 Slowest Speed 470 | 160 160 160 160 215 240 160 240 150 150 150 150 245 245 240 240 240 240 250 250 260 470 220 Overloaded Moves . | . . . . . . . . . . . . . . . . . . . . . . . Propulsion Burnouts . | . . . . . . . . . . . . . . . . . . . . . . . Robots Hopped . | . . . . . . . . . . . . . . . . . . . . . . . Cave-ins Triggered . | . . . . . . . . . . . . . . . . . . . . . . . Teleports 3 | . . . . . . . . . . . . . . . . . . . . 1 . 2 Exploration Rate (%) 41 | 6 64 75 47 41 90 28 36 9 8 78 9 79 4 1 38 52 77 59 14 78 26 30 Regions Visited 22 Branch Regions 9 Pre-discovered Areas 7 | . 2 1 1 . 1 . . . . . . . . . 1 1 . . . . . . Known Exits Taken 2 | . . . . . . . . . 1 . . . . . . . . . 1 . . . Unknown Exits Taken 17 | 1 1 1 1 1 1 1 1 1 . . . . 1 1 1 1 1 1 . 1 1 . Scrap Searched 12 | . . 3 . 1 . . . . . . . . . . 2 1 . 5 . . . . Spaces Dug 159 | . 25 . . . . 8 . . . 20 8 . . . . . 34 22 31 8 . 3 Terrain Destroyed 1064 | . 134 8 . . 7 8 23 . . 47 8 . . . . . 36 79 66 50 508 90 Melee 3 | . . . . . . . . . . . . . . . . . . . . 3 . . Projectile 170 | . . . . . 4 . 7 . . 13 . . . . . . 2 25 24 41 3 51 AOE 882 | . 134 8 . . . 8 13 . . 32 8 . . . . . 34 54 42 5 505 39 Terrain Rammed . | . . . . . . . . . . . . . . . . . . . . . . . Walls Destroyed . | . . . . . . . . . . . . . . . . . . . . . . . Machines Disabled . | . . . . . . . . . . . . . . . . . . . . . . . Actions | -11 -10 -10 -9 -9 -9 -8 -8 -7 -6 -6 -5 -5 -5 -4 -4 -4 -4 -3 -3 -3 -2 -1 --------- Run | Yrd Mat Min Mat Min Exi Min Mat Fac Fac DSF Fac Was Fac Fac Upp Upp War Pro Res Qua Res Acc Total 10830 | 85 465 402 697 333 1497 100 551 367 226 271 444 147 118 19 294 257 760 355 424 1222 614 1182 Wait 486 | . 3 . 35 10 38 . 32 101 . 18 19 . . . 22 8 . 14 40 77 4 65 Move 8652 | 69 390 390 577 296 1245 96 394 241 215 168 379 112 111 15 238 247 703 297 274 851 507 837 Hop . | . . . . . . . . . . . . . . . . . . . . . . . Pick Up 226 | 10 10 6 10 5 43 . 15 5 5 9 4 5 3 2 8 . 12 5 11 35 9 14 Fast Attach 148 | . 5 1 11 . 12 . 11 . . 4 . 1 . . . . 2 1 3 33 13 51 Attach 143 | 6 . 1 3 1 3 . 13 6 3 4 4 2 . 1 1 . 10 5 16 30 15 19 Detach 45 | . . . 1 . 3 . 7 1 . 1 1 . . . . . 2 1 7 9 3 9 Swap 100 | . 11 . 3 5 5 2 13 6 2 10 3 . 1 . 1 . 2 2 9 9 6 10 Drop 238 | . 7 1 17 2 37 . 18 . 1 12 2 5 3 1 8 . 16 5 3 38 24 38 Fire 711 | . 39 2 37 12 99 2 48 7 . 35 32 22 . . 16 2 12 24 61 98 31 132 Melee 53 | . . . . . 12 . . . . . . . . . . . . . . 40 1 . Ram . | . . . . . . . . . . . . . . . . . . . . . . . Kick 9 | . . . . . . . . . . . . . . . . . . . . 1 1 7 Crush 7 | . . 1 3 2 . . . . . . . . . . . . 1 . . . . . Escape Stasis 11 | . . . . . . . . . . 10 . . . . . . . . . 1 . . Rewire 1 | . . . . . . . . . . . . . . . . . . 1 . . . . Trap . | . . . . . . . . . . . . . . . . . . . . . . . Miscellaneous . | . . . . . . . . . . . . . . . . . . . . . . . Route ------- -11/Scrapyard -10/Materials (discovered 4 exits: *Mat x3 / *Min) -10/Mines (discovered 2 exits: *Mat x2) -9/Materials (discovered 2 exits: *Mat / [*Min]) -9/Mines (discovered 2 exits: *Exi / [*Zio]) -9/Exiles -8/Mines -8/Materials (discovered 2 exits: *Fac x2) -7/Factory -6/Factory (discovered 3 exits: Low x2 / DSF) -6/DSF -5/Factory -5/Waste -5/Factory -4/Factory -4/Upper Caves -4/Upper Caves -4/Warlord -3/Proximity Caves -3/Research (discovered 2 exits: *Qua x2) -3/Quarantine -2/Research -1/Access History --------- Turn | Location | Event 2 | -11/Scrapyard | Met Revision 17 6 | -11/Scrapyard | Discovered new exit (range 14) 96 | -11/Scrapyard | Entered Materials 141 | -10/Materials | Central database locked down 263 | -10/Materials | Discovered new exit (range 11) 264 | -10/Materials | Discovered new exit (range 12) 327 | -10/Materials | Build established: Mutant 441 | -10/Materials | Discovered new exit (range 3) 777 | -10/Materials | Discovered new exit (range 15) 850 | -10/Materials | Entered Mines 851 | -10/Mines | Learned location of Storage (-8) 916 | -10/Mines | Assisted by bots powering up and referring to "LRC-V3" 919 | -10/Mines | Learned Materials stockpile data 1012 | -10/Mines | Discovered new exit (range 16) 1055 | -10/Mines | Discovered new exit (range 7) 1197 | -10/Mines | Met a Derelict who couldn't figure out how to use a Trap Extractor 1346 | -10/Mines | Received a Rocket Launcher from a helpful Derelict 1488 | -10/Mines | Entered Materials 1488 | -9/Materials | Accompanied by 3 allies 1488 | -9/Materials | Evolved 2 slots: Propulsion x1, Weapon x1 1678 | -9/Materials | Repaired Lgt. Treads 1768 | -9/Materials | Discovered new exit (range 16) 1915 | -9/Materials | Build established: Tank 2297 | -9/Materials | Build established: Scavenger-Tank 2543 | -9/Materials | Discovered new exit (range 12) 2612 | -9/Materials | Entered Mines 2613 | -9/Mines | A Derelict revealed a hidden shortcut to a safe place 2730 | -9/Mines | Joined a pair of Derelicts in attacking an 0b10 outpost 2825 | -9/Mines | Received a Mining Laser from a helpful Derelict 3054 | -9/Mines | Deemed a non-threat by the Exiles lab entrance 3054 | -9/Mines | Discovered new exit (range 5) 3151 | -9/Mines | Entered Exiles 3181 | -9/Exiles | Met 8R-AWN 3227 | -9/Exiles | Met EX-HEX 3287 | -9/Exiles | Met EX-DEC 3309 | -9/Exiles | Learned location of Zion (-7) 3349 | -9/Exiles | Discovered new exit (range 14) 3425 | -9/Exiles | Met EX-BIN 3458 | -9/Exiles | Build established: Mutant 3563 | -9/Exiles | Aligned with FarCom system 3564 | -9/Exiles | Given EX-Vault access code 3591 | -9/Exiles | Opened EX-Vault 3615 | -9/Exiles | Found Longsword +1 3639 | -9/Exiles | Warned to stay clear of 0b10 Research branches 4048 | -9/Exiles | Attacked by the Exiles 4186 | -9/Exiles | Found Prototype Ballistic Gun 4186 | -9/Exiles | Identified 8R-AWN's Boregun 4391 | -9/Exiles | Destroyed EX-BIN 4514 | -9/Exiles | Build established: Scavenger-Tank 4580 | -9/Exiles | Destroyed 8R-AWN 4602 | -9/Exiles | Found Prototype Device 4602 | -9/Exiles | Identified AS-neutralizer No. 17b 4709 | -9/Exiles | Destroyed EX-DEC 4719 | -9/Exiles | Destroyed EX-HEX 4901 | -9/Exiles | Build established: Scavenger-Gunner 5020 | -9/Exiles | Found Deploy-a-Sentry 5109 | -9/Exiles | Found Prototype Processor 5131 | -9/Exiles | Found 8R-AWN's Boregun 5347 | -9/Exiles | Entered Mines 5450 | -8/Mines | Discovered new exit (range 12) 5509 | -8/Mines | Entered Materials 5509 | -8/Materials | Evolved 2 slots: Utility x2 5931 | -8/Materials | Build established: Scavenger-Tank 6033 | -8/Materials | Discovered new exit (range 14) 6165 | -8/Materials | Discovered new exit (range 8) 6189 | -8/Materials | Met 7R-MNS 6208 | -8/Materials | Identified Exp. Targeting Computer 6216 | -8/Materials | Attacked by 7R-MNS 6297 | -8/Materials | 7R-MNS lamented failing the tripod run 6297 | -8/Materials | Destroyed 7R-MNS 6308 | -8/Materials | Lost 10 parts (1p2n3u4w) 6331 | -8/Materials | Found Prototype Leg 6331 | -8/Materials | Identified Tripod Weapons Platform 6333 | -8/Materials | Attached Tripod Weapons Platform, gained temporary slots: Weapon x2 6342 | -8/Materials | Found Prototype Device 6353 | -8/Materials | Identified Multitargeting Array 6376 | -8/Materials | Found Prototype Protection 6377 | -8/Materials | Identified Centrium Heavy Armor Plating 6378 | -8/Materials | Found Prototype Device 6378 | -8/Materials | Identified Thermal Barrier 6545 | -8/Materials | Entered Factory 6545 | -7/Factory | Evolved 2 slots: Utility x1, Weapon x1 6937 | -7/Factory | Repaired Centrium Heavy Armor Plating 7016 | -7/Factory | Build established: Scavenger-Gunner 7024 | -7/Factory | Discovered new exit (range 15) 7051 | -7/Factory | Entered another Factory area 7051 | -6/Factory | Evolved 2 slots: Utility x2 7057 | -6/Factory | Identified exit to Lower Caves 7361 | -6/Factory | Identified exit to DSF 7385 | -6/Factory | Entered DSF 7460 | -6/DSF | Additional patrols routed to DSF 7563 | -6/DSF | Sterilization system engaged 7583 | -6/DSF | Ambient heat levels rising (+10) 7598 | -6/DSF | Ambient heat levels rising (+10) 7613 | -6/DSF | Ambient heat levels rising (+10) 7614 | -6/DSF | Discovered new exit (range 13) 7628 | -6/DSF | Ambient heat levels rising (+10) 7643 | -6/DSF | Ambient heat levels rising (+10) 7658 | -6/DSF | Ambient heat levels rising (+10) 7673 | -6/DSF | Ambient heat levels rising (+10) 7688 | -6/DSF | Ambient heat levels rising (+10) 7703 | -6/DSF | Ambient heat levels rising (+10) 7718 | -6/DSF | Ambient heat levels rising (+10) 7733 | -6/DSF | Ambient heat levels rising (+10) 7748 | -6/DSF | Ambient heat levels rising (+10) 7763 | -6/DSF | Ambient heat levels rising (+10) 7773 | -6/DSF | Entered Factory 7773 | -5/Factory | Evolved 2 slots: Utility x2 8293 | -5/Factory | Spotted B-75 Beast 8373 | -5/Factory | First assault squad dispatched 8425 | -5/Factory | Build established: Scavenger-Tank 8455 | -5/Factory | Sucked down chute 8455 | -5/Factory | Entered Waste 8456 | -5/Waste | Met a frightened Derelict 8469 | -5/Waste | Spotted C-40 Crusher 8470 | -5/Waste | EMP discharged 8476 | -5/Waste | Destroyed C-40 Crusher 8521 | -5/Waste | Spotted C-40 Crusher 8533 | -5/Waste | Destroyed C-40 Crusher 8551 | -5/Waste | Spotted C-40 Crusher 8556 | -5/Waste | Destroyed C-40 Crusher 8556 | -5/Waste | Spotted C-40 Crusher 8562 | -5/Waste | Destroyed C-40 Crusher 8567 | -5/Waste | Spotted C-40 Crusher 8570 | -5/Waste | EMP discharged 8570 | -5/Waste | System corruption reached 10% 8579 | -5/Waste | Destroyed C-40 Crusher 8632 | -5/Waste | Spotted C-40 Crusher 8647 | -5/Waste | Destroyed C-40 Crusher 8670 | -5/Waste | EMP discharged 8722 | -5/Waste | Discovered new exit (range 12) 8749 | -5/Waste | Entered Factory 8802 | -5/Factory | Build established: Scavenger-Gunner 9012 | -5/Factory | Discovered new exit (range 6) 9026 | -5/Factory | Entered another Factory area 9026 | -4/Factory | Evolved 2 slots: Propulsion x1, Weapon x1 9029 | -4/Factory | Discovered new exit (range 10) 9066 | -4/Factory | Entered Upper Caves 9073 | -4/Upper Caves | Met a Warlord Commander 9074 | -4/Upper Caves | Learned location of Warlord (-4) 9075 | -4/Upper Caves | Warlord Commander delivered Encrypted Comm Array 9129 | -4/Upper Caves | Learned Research interactive machine intel 9279 | -4/Upper Caves | Attracted the attention of an 0b10 checkpoint 9514 | -4/Upper Caves | Found DCF Scrap (15 items) 9687 | -4/Upper Caves | Discovered new exit (range 14) 9718 | -4/Upper Caves | Entered another Upper Caves area 10130 | -4/Upper Caves | Learned location of Armory (-4) 10308 | -4/Upper Caves | Discovered new exit (range 7) 10325 | -4/Upper Caves | Entered Warlord 11025 | -4/Warlord | Warlord's base attacked by MAIN.C 11060 | -4/Warlord | Met Warlord 11216 | -4/Warlord | Found Prototype Energy Gun 11216 | -4/Warlord | Identified Vortex Rail 11224 | -4/Warlord | Found Vortex Rail 11228 | -4/Warlord | Found Prototype Launcher 11314 | -4/Warlord | Identified Vortex Catalyst Activator 11351 | -4/Warlord | Found Prototype Processor 11352 | -4/Warlord | Identified Exp. Target Analyzer 11356 | -4/Warlord | Found Prototype Hackware 11362 | -4/Warlord | Identified Ghost Barrier 11369 | -4/Warlord | Found Prototype Reactor 11375 | -4/Warlord | Warlord forces counterattacked 11415 | -4/Warlord | Spotted Striker 11417 | -4/Warlord | Spotted Striker 11460 | -4/Warlord | Spotted Striker 11462 | -4/Warlord | Lost 6 allies 11508 | -4/Warlord | Discovered new exit (range 15) 11525 | -4/Warlord | Spotted Executioner 11525 | -4/Warlord | Spotted Striker 11531 | -4/Warlord | Entered Proximity Caves 11545 | -3/Proximity Caves | Lost 6 allies 11637 | -3/Proximity Caves | Spotter reported a threat 11753 | -3/Proximity Caves | Spotter reported a threat 12036 | -3/Proximity Caves | Attracted the attention of an 0b10 outpost 12041 | -3/Proximity Caves | Spotted B-86 Titan 12055 | -3/Proximity Caves | Destroyed B-86 Titan 12076 | -3/Proximity Caves | Destroyed 10 combat bots 12350 | -3/Proximity Caves | Discovered new exit (range 6) 12365 | -3/Proximity Caves | Entered Research 12365 | -3/Research | Evolved 2 slots: Power x1, Utility x1 12366 | -3/Research | Loaded intel: 46 interactive machine locations 12366 | -3/Research | Identified Vortex Chain Reactor 12505 | -3/Research | Fabricated Centrium Heavy Armor Plating (x1) 12649 | -3/Research | Search patrols dispatched 12674 | -3/Research | System corruption reached 10% 12706 | -3/Research | Found Prototype Processor 12715 | -3/Research | Identified Exp. Melee Analysis Suite 12716 | -3/Research | Lost 5 parts (1n1u3w) 12731 | -3/Research | Destroyed 9 combat bots 12759 | -3/Research | Spotted B-86 Titan 13062 | -3/Research | Found Quantum Capacitor 13115 | -3/Research | First assault squad dispatched 13157 | -3/Research | Found Prototype Processor 13178 | -3/Research | Identified exit to Quarantine 13285 | -3/Research | Entered Quarantine 13404 | -3/Quarantine | Found Alien Artifact 13404 | -3/Quarantine | Identified Core Reset Matrix 13404 | -3/Quarantine | Used Core Reset Matrix 13408 | -3/Quarantine | Detected hypermatrix surge 13408 | -3/Quarantine | Sensed 15 artifacts in vicinity 13553 | -3/Quarantine | Found Sigix Broadsword 13827 | -3/Quarantine | Spotted Alpha 7 13877 | -3/Quarantine | Destroyed Alpha 7 13941 | -3/Quarantine | Found Prototype Ballistic Gun 13945 | -3/Quarantine | Found Exp. Target Analyzer 13965 | -3/Quarantine | Found Core Stripper 14060 | -3/Quarantine | Identified Multirail 14075 | -3/Quarantine | Scanned by Researcher 14116 | -3/Quarantine | Identified Spectral Analyzer 14159 | -3/Quarantine | Lost 9 parts (2p2n3u2w) 14249 | -3/Quarantine | Lost 3 parts (1p1u1w) 14283 | -3/Quarantine | Found Sigix Terminator 14449 | -3/Quarantine | Found Dimensional Node Initializer 14548 | -3/Quarantine | Found Transdimensional Reconstructor 14551 | -3/Quarantine | Found Transdimensional Reconstructor 14554 | -3/Quarantine | Found Hpw. Transdimensional Reconstructor 14571 | -3/Quarantine | Found Hpw. Transdimensional Reconstructor 14667 | -3/Quarantine | Found Subatomic Replicator 14907 | -3/Quarantine | Discovered new exit (range 8) 15014 | -3/Quarantine | Warped through subspace 15574 | -3/Quarantine | Entered Research 15574 | -2/Research | Warlord forces began assault on 0b10 15574 | -2/Research | Evolved 2 slots: Propulsion x2 15599 | -2/Research | Distinguished unit "Cat Herders" dispatched to help 15684 | -2/Research | Research machine network offline 15736 | -2/Research | Lost 5 allies 15973 | -2/Research | Found Prototype Device 15973 | -2/Research | Identified Adv. Kinecellerator 15976 | -2/Research | Found Prototype Device 15976 | -2/Research | Identified Exp. Sensor Array 16070 | -2/Research | Found Unknown Protection 16070 | -2/Research | Identified Imp. Powered Armor 16073 | -2/Research | Found Imp. Powered Armor 16076 | -2/Research | Found Imp. Powered Armor 16108 | -2/Research | Found Prototype Reactor 16133 | -2/Research | Spotted Striker 16135 | -2/Research | Spotted Executioner 16153 | -2/Research | Destroyed Striker 16153 | -2/Research | Destroyed Executioner 16174 | -2/Research | Spotted Executioner 16179 | -2/Research | Spotted Executioner 16193 | -2/Research | Borebot progress halted 16197 | -2/Research | Spotted Executioner 16198 | -2/Research | Spotted Executioner 16201 | -2/Research | Fired Sigix Terminator 16201 | -2/Research | Destroyed Executioner 16201 | -2/Research | Destroyed Executioner 16201 | -2/Research | Destroyed Executioner 16201 | -2/Research | Borebot progress halted 16201 | -2/Research | Destroyed Executioner 16232 | -2/Research | Lost 3 parts (1p1n1u) 16234 | -2/Research | Destroyed 15 combat bots 16349 | -2/Research | Discovered new exit (range 9) 16359 | -2/Research | Entered Access 16359 | -1/Access | Evolved 2 slots: Power x1, Weapon x1 16360 | -1/Access | Identified Singularity Reactor 16366 | -1/Access | Used Subatomic Replicator to replicate Lgt. Fission Core 16391 | -1/Access | Energy Cycler disabled 16488 | -1/Access | Lost 3 allies 16650 | -1/Access | First assault squad dispatched 16662 | -1/Access | Build established: Scavenger-Executioner 16830 | -1/Access | Lost 11 parts (1p2n3u5w) 16976 | -1/Access | Warped through subspace 17377 | -1/Access | Warped through subspace 17912 | -1/Access | Core integrity fell below 50% 17999 | -1/Access | Lost 17 parts (3p2n7u5w) 18107 | -1/Access | Spotted B-99 Colossus 18124 | -1/Access | Emitted hypermatrix ping 18129 | -1/Access | Assembled emerged from beneath the floor 18130 | -1/Access | Core integrity fell below 20% 18152 | -1/Access | Assembled emerged from beneath the floor 18159 | -1/Access | Spotted B-99 Colossus 18160 | -1/Access | Lost 11 parts (1p4n3u3w) 18161 | -1/Access | Spotted B-99 Colossus 18170 | -1/Access | Assembled emerged from beneath the floor 18187 | -1/Access | Spotted B-99 Colossus 18189 | -1/Access | Destroyed by S-43 Plague with Heavy Machine Gun Last Messages --------------- 18170_ Assembled emerge from beneath the floor. 18172_ Slug penetrates Wall. 18180_ Slug penetrates as-62596. 18182_ Slug penetrates H-88 Terminator. 18183_ Slug penetrates as-62596. 18183_ as-62596 destroyed. 18183_ K-01 Serf destroyed. 18183_ Slug penetrates Wall. 18184_ Slug penetrates H-88 Terminator. 18185_ Detected hypermatrix ping. 18186_ Slug penetrates as-38689. 18186_ Slug penetrates Wall. 18187_ C-30 ARC bursts open, deploying its payload. 18187_ G-73 Enforcer unfolds itself. 18187_ L-61 Swordsman unfolds itself. 18187_ G-73 Enforcer unfolds itself. 18187_ B-74 Champion unfolds itself. 18187_ I-47 Archangel unfolds itself. 18187_ Penetrated by Slug. Map ----- +----------------------------------------------------+ | ######????????????????????????????????????????? | | ?????????????????????????????????????? | | ?????????????????????????????????????? | | ?????????????????????????????????????? | | ########??????????????????????????????????????? | | #?????????????????????????????????????????????? | | #?????????????????????????????????????????????? | | #?????????????????????????????????????????????? | | #?????????????????????????????????????????????? | | #?????????????????????????????????????????????? | | #?????????????????????????????????????????????? | | ##? ?????????????????????????????????????????????? | | ?????????????????????#""""???????????????????????? | | ?# ???????????????##""T""??### #???????????????? | | ?# ???????????????# ? #???????????????? | | ?# ??????????????? i ????????????????? | | ?# ??????????????# %g ?????????????????? | | ?# ??????????????# b " ?????????????????? | | ?# ??????????????# """ #??????????????????? | | ?# ##+#??????????# g G #??????????????????? | | # #????????### l""" #??????????????????? | | / #????????#BB " #??????????????????? | | ?# #????????#BB #??????????????????? | | ?# !###########;% ##?????????????????? | | ## =%% +?????????????????? | | = h s@ #####?????????????????? | | ################ss#?????????????????????? | | #??????????????# #?????????????????????? | | #??????????????# s#?????????????????????? | | ######## #??????????????# ?????????????????????? | | ########/##?????????????# ###????????????????????? | | #?????????????# #??????????????????????? | | #?????????????# #??????????????????????? | | #?????????????# #??????????????????????? | | #?????????????? ???????????????????????? | | !! #?????????????? ???????????????????????? | | !! #?????????????? ???????????????????????? | | !! #?????????????? ???????????????????????? | | ###########?????????????? ???????????????????????? | | ????????????????????????? ???????????????????????? | | ????????????????????????? ???????????????????????? | | ?????????????????????????????????????????????????? | | ?????????????????????????????????????????????????? | | ?????????????????????????????????????????????????? | | ?????????????????????????????????????????????????? | | ?????????????????????????????????????????????????? | | ?????????????????????????????????????????????????? | | ?????????????????????????????????????????????????? | | ?????????????????????????????????????????????????? | | ?????????????????????????????????????????????????? | +----------------------------------------------------+ Best States ------------- Heat Dissipation 151 Coolant Potential 120 Energy Generation 131 Energy Capacity 1100 Matter Stores 300 Matter Capacity 300 Sight Range 24 Robot Scan Range 18 Terrain Scan Range 24 Terrain Scan Density 10 ECM Strength 1 Jamming Range 16 Cloak Strength 2 Power Amplification 80 Additional Mass Support 12 Base Temperature (-) 400 Armor Coverage 1200 Resistance: TH 50 Core Shielding 20 Propulsion Shielding 90 Utility Shielding 66 Weapon Cycling 25 Evasion (%) 55 Targeting Accuracy 32 Target Analysis 10 Armor Integrity Analysis 30 Recoil Reduction 4 Energy Filtering 50 Salvage Targeting 2 Offensive Hacking 10 Defensive Hacking 20 Authchip Count 5 Item Schematics ----------------- Com. Particle Reactor | -3/Quarantine | Archive Thunder Hammer | -3/Quarantine | Archive Hdn. Centrium Wheel | -3/Quarantine | Archive Particle Accelerator | -3/Quarantine | Archive Proton Burst Cannon | -3/Quarantine | Archive Molecular Scythe | -3/Quarantine | Archive Electron Diverter | -3/Quarantine | Archive Imp. Energy Well | -3/Quarantine | Archive Hvy. Wave Gun | -3/Quarantine | Archive Adv. Variable Charge Gun | -3/Quarantine | Archive Imp. Lightning Gun | -3/Quarantine | Archive Spectral Analyzer | -3/Quarantine | Archive Adv. Matter Compressor | -3/Quarantine | Archive Centrium Light Armor Plating | -3/Quarantine | Archive Prc. Energy Filter | -3/Quarantine | Archive Exp. Energy Well | -3/Quarantine | Archive Robot Schematics ------------------ Y-72 Warden | -3/Quarantine | Archive R-10 Processor | -3/Quarantine | Archive E-15 Imp | -3/Quarantine | Archive Fabricated ------------ Centrium Heavy Armor Plating | x1 | -3/Research | Authchip Alien Tech Used ----------------- Core Reset Matrix Sigix Broadsword High-powered Transdimensional Reconstructor Sigix Terminator Subatomic Replicator Transdimensional Reconstructor Achievements -------------- None Challenges ------------ None Game ------ Seed TripodLightpackMagmablaster Manual? 0 Play Time 02:21:46 Cumulative 886.3 hours Start 2024.08.18 @ 20:15:32 End 2024.08.19 @ 21:11:42 Sessions 8 Manual Loads 0 Difficulty Rogue Special Mode None Game No. 553 Rogue 546 Adventurer 0 Explorer 7 Win Type - Total 60 Types 22/6/20/2/0/1/6/1/2 Lore% 80 Gallery% 94 Achievement% 85 Wizard Run 0 Options --------- Layout 2 ASCII 0 Keyboard 0 Movement Numpad Keybinds 0 Fullscreen 1 Font 24/Smallcaps Map View 50x44 Zoom Use 0% Tactical HUD 1 Map Filters NONE Filters NONE Steam 1 RUN: 22763ee1-f7d5-432d-a66c-dc22e83cf75f